[Event "International chess holiday K11"]
[Site "?"]
[Date "2018.07.16"]
[Round "3"]
[White "Pokorny, Jan"]
[Black "Docekalova, Alexandra"]
[Result "0-1"]
[ECO "A80"]
[WhiteElo "1879"]
[BlackElo "1893"]
[Annotator "Koller,Martin"]
[PlyCount "82"]
[TimeControl "240+2"]

{279MB} 1. d4 f5 2. Nf3 Nf6 3. e3 g6 4. b3 Bg7 5. c4 O-O 6. Be2 d6 7. Bb2 Ne4
8. O-O Nd7 9. Nbd2 Ndf6 10. Qc2 c6 11. Rac1 Nxd2 12. Nxd2 Ng4 13. h3 Nh6 14.
Bf3 g5 15. e4 g4 16. hxg4 fxg4 17. Be2 e5 18. d5 c5 19. Qd3 Qg5 20. Rcd1 Nf7
21. Bc1 Qg6 22. Qg3 h5 23. f3 Bh6 24. fxg4 Bf4 25. Rxf4 exf4 26. Qxf4 Bxg4 27.
Nf3 Ne5 28. Qg5 Qxg5 29. Bxg5 Bxf3 30. Bxf3 Rxf3 31. Be7 Rd3 32. Rf1 Nf7 33.
Rf6 Re8 34. Re6 Nd8 35. Rxd6 Rxe7 36. Rxd8+ Kf7 37. d6 Rxe4 38. Rd7+ Ke8 39.
Rxb7 Rxd6 40. Rxa7 Rg4 41. a4 Rd2 0-1

[Event "International chess holiday K11"]
[Site "?"]
[Date "2018.07.16"]
[Round "3"]
[White "Koper, Stefan"]
[Black "Privoznik, Lubos"]
[Result "1-0"]
[ECO "D35"]
[WhiteElo "1830"]
[BlackElo "1626"]
[Annotator "Koller,Martin"]
[PlyCount "105"]
[TimeControl "240+2"]

{279MB} 1. d4 e6 2. c4 d5 3. cxd5 exd5 4. Nc3 c6 5. Nf3 Nf6 6. Bg5 Be7 7. e3
Bf5 8. Bd3 Bxd3 9. Qxd3 Nbd7 10. Rb1 a5 11. O-O O-O 12. a4 Re8 13. Nd2 h6 14.
Bh4 Qc7 15. Rfc1 Bd6 16. Bg3 Bxg3 17. hxg3 Qd6 18. Ne2 Ne4 19. Nxe4 Rxe4 20.
Qc3 Re7 21. Nf4 Nf6 22. Qc5 Ne4 23. Qc2 Qb4 24. Rd1 Rae8 25. Nd3 Qd6 26. Nf4
Qb4 27. Rd3 g6 28. Rbd1 Kg7 29. Ne2 Qd6 30. Nc3 Nxc3 31. bxc3 b5 32. Rb1 Rb8
33. Rdd1 Reb7 34. e4 b4 35. e5 Qe7 36. f4 b3 37. Qb2 c5 38. dxc5 Qxc5+ 39. Rd4
Rc7 40. Kh1 Qxc3 41. Qxc3 Rxc3 42. Rxd5 Rc2 43. Rxa5 Rc4 44. Rb2 Rcb4 45. Ra7
Kf8 46. a5 Ra4 47. a6 neèitelné 1-0

[Event "International chess holiday M11"]
[Site "?"]
[Date "2018.07.17"]
[Round "4"]
[White "Mouritsen, Jan"]
[Black "Hadzala, Daniel"]
[Result "1-0"]
[ECO "B07"]
[WhiteElo "1900"]
[BlackElo "2104"]
[Annotator "Koller,Martin"]
[PlyCount "67"]
[TimeControl "240+2"]

{279MB} 1. e4 d6 2. d4 Nf6 3. Nc3 c6 4. f3 Nbd7 5. Be3 e5 6. Qd2 Be7 7. Nge2
Qc7 8. g4 exd4 9. Nxd4 Ne5 10. Be2 b5 11. O-O-O Rb8 12. Nf5 Bxf5 13. exf5 d5
14. g5 Nfd7 15. Bd4 f6 16. f4 Nc4 17. Bxc4 bxc4 18. Rde1 Kd8 19. Re6 Bd6 20.
gxf6 gxf6 21. Rf1 Rg8 22. Bxf6+ Nxf6 23. Rxf6 Rg1 24. Rxg1 Bxf4 25. Rg8+ Ke7
26. Rg7+ Kxf6 27. Rxc7 Bxd2+ 28. Kxd2 Rxb2 29. Rxc6+ Ke5 30. Rc5 Kxf5 31. Rxd5+
Ke6 32. Ra5 Rb7 33. Ne4 Rg7 34. Ng3 1-0

[Event "International chess holiday M11"]
[Site "?"]
[Date "2018.07.17"]
[Round "4"]
[White "Reichmann, Steffen"]
[Black "Veselý, Jaromir"]
[Result "0-1"]
[ECO "C00"]
[WhiteElo "1965"]
[BlackElo "2008"]
[Annotator "Koller,Martin"]
[PlyCount "70"]
[TimeControl "240+2"]

{279MB} 1. e4 e6 2. Nf3 d5 3. e5 c5 4. b4 b6 5. c3 Nc6 6. b5 Na5 7. d4 Bd7 8.
Be2 Qc7 9. a4 Be7 10. O-O O-O-O 11. dxc5 Bxc5 12. Bg5 Ne7 13. Nbd2 h6 14. Bxe7
Bxe7 15. Nb3 f6 16. Nxa5 bxa5 17. exf6 Bxf6 18. Qb3 Be8 19. Nd4 Bf7 20. Bg4
Rhe8 21. Rab1 Rd6 22. Rfc1 Kb7 23. Bf3 Kb6 24. Qd1 Bg6 25. Rb2 Qc5 26. Nb3 Qc4
27. Qe1 Bg5 28. Rd1 Rc8 29. Qe5 Bf4 30. Qxg7 Qxc3 31. Qxc3 Rxc3 32. Nd2 Ra3 33.
Be2 Be5 34. Rb3 Rxb3 35. Nxb3 Bc2 0-1

[Event "International chess holiday M11"]
[Site "?"]
[Date "2018.07.17"]
[Round "4"]
[White "Vojta, Jakub"]
[Black "Chmel, Kristian"]
[Result "0-1"]
[ECO "B55"]
[WhiteElo "2124"]
[BlackElo "2121"]
[Annotator "Koller,Martin"]
[PlyCount "52"]
[TimeControl "240+2"]

{279MB} 1. e4 c5 2. Nf3 d6 3. d4 cxd4 4. Nxd4 Nf6 5. f3 e5 6. Nb3 d5 7. Bg5 d4
8. c3 Nc6 9. Bb5 Qb6 10. Bxc6+ bxc6 11. cxd4 Ba6 12. dxe5 Nd7 13. Qd4 Qxd4 14.
Nxd4 Nxe5 15. b3 Bc5 16. Nf5 g6 17. Bf6 Nd3+ 18. Kd2 gxf5 19. Bxh8 Nf2 20. Re1
O-O-O+ 21. Kc3 Rxh8 22. a3 Rd8 23. Ra2 fxe4 24. fxe4 Bd4+ 25. Kc2 Bd3+ 26. Kc1
Nxe4 0-1

[Event "International chess holiday M11"]
[Site "?"]
[Date "2018.07.17"]
[Round "4"]
[White "Chudinovskikh, Alexander"]
[Black "Lys, Josef"]
[Result "1-0"]
[ECO "B31"]
[WhiteElo "2237"]
[BlackElo "2118"]
[Annotator "Koller,Martin"]
[PlyCount "49"]
[TimeControl "240+2"]

{279MB} 1. e4 c5 2. Nf3 Nc6 3. Bb5 g6 4. O-O Bg7 5. c3 d6 6. d4 cxd4 7. cxd4
Bd7 8. Nc3 a6 9. Ba4 b5 10. Bb3 Na5 11. Bd5 Bc6 12. Bxf7+ Kxf7 13. Ng5+ Ke8 14.
Ne6 Qc8 15. Nxg7+ Kf7 16. d5 Kxg7 17. dxc6 Qxc6 18. Nd5 Re8 19. a4 Nb7 20. axb5
axb5 21. Ra7 Nf6 22. Bg5 Rhf8 23. Qd4 Rf7 24. Rc1 Nc5 25. Nxf6 1-0

[Event "International chess holiday M11"]
[Site "?"]
[Date "2018.07.17"]
[Round "4"]
[White "Zacek, Petr"]
[Black "Yanjinlkham, Bayarsaikhan"]
[Result "0-1"]
[ECO "B52"]
[WhiteElo "1897"]
[BlackElo "1984"]
[Annotator "Koller,Martin"]
[PlyCount "142"]
[TimeControl "240+2"]

{279MB} 1. e4 c5 2. Nf3 d6 3. Bb5+ Bd7 4. Bxd7+ Qxd7 5. O-O Nc6 6. c3 Nf6 7.
Re1 e6 8. d4 cxd4 9. cxd4 d5 10. e5 Ne4 11. Nbd2 Nxd2 12. Bxd2 Be7 13. a3 O-O
14. Rc1 Rfc8 15. Bc3 a5 16. Qd3 Rab8 17. Bd2 b5 18. Ng5 Bxg5 19. Bxg5 b4 20. a4
Ne7 21. b3 Nf5 22. g4 Ne7 23. h4 h6 24. Bf4 Rxc1 25. Rxc1 Rc8 26. Qd2 Rxc1+ 27.
Qxc1 Qc6 28. h5 Qxc1+ 29. Bxc1 Kh7 30. Kg2 g6 31. hxg6+ Kxg6 32. Kg3 Nc8 33. f3
Ne7 34. Bd2 h5 35. Kh4 hxg4 36. fxg4 Nc6 37. Be3 f6 38. exf6 Kxf6 39. Kh5 e5
40. g5+ Kf5 41. dxe5 d4 42. Bd2 Nxe5 43. Kh6 d3 44. Bc1 Ng6 45. Bd2 Ne7 46. Bc1
Ke4 47. Kg7 Kf5 48. Kh6 Ng6 49. Bd2 Nh4 50. Kh5 Nf3 51. Be3 d2 52. Bxd2 Nxd2
53. Kh6 Ne4 54. g6 Kf6 55. g7 Kf7 56. Kh7 Nf6+ 57. Kh8 Kg6 58. g8=Q+ Nxg8 59.
Kxg8 Kf6 60. Kf8 Ke5 61. Ke7 Kd4 62. Kd6 Kc3 63. Kc5 Kxb3 64. Kb5 Kc3 65. Kxa5
b3 66. Ka6 b2 67. a5 b1=Q 68. Ka7 Kc4 69. a6 Kc5 70. Ka8 Kc6 71. a7 Qb7# 0-1

[Event "International chess holiday K11"]
[Site "?"]
[Date "2018.07.17"]
[Round "4"]
[White "Basson, Heinrich"]
[Black "Pokorny, Jan"]
[Result "1/2-1/2"]
[ECO "B08"]
[WhiteElo "1891"]
[BlackElo "1879"]
[Annotator "Koller,Martin"]
[PlyCount "42"]
[TimeControl "240+2"]

{279MB} 1. d4 Nf6 2. Nf3 g6 3. Bf4 d6 4. Nc3 Bg7 5. e4 O-O 6. Qd2 a6 7. a4 Bg4
8. Be2 Nbd7 9. Bg5 c5 10. d5 Qa5 11. h3 Bxf3 12. Bxf3 b5 13. O-O b4 14. Nd1 Ne5
15. Qe3 Nxf3+ 16. Qxf3 h6 17. Bd2 Nd7 18. Qb3 Rab8 19. Ne3 Qc7 20. Rab1 a5 21.
Nc4 Ne5 1/2-1/2

[Event "International chess holiday K11"]
[Site "?"]
[Date "2018.07.17"]
[Round "4"]
[White "Docekalova, Alexandra"]
[Black "Koper, Stefan"]
[Result "1/2-1/2"]
[ECO "C00"]
[WhiteElo "1893"]
[BlackElo "1830"]
[Annotator "Koller,Martin"]
[PlyCount "24"]
[TimeControl "240+2"]

{279MB} 1. e4 e6 2. d3 c5 3. g3 Nc6 4. Bg2 d5 5. Nd2 d4 6. Ne2 e5 7. O-O Nf6 8.
h3 g5 9. Nc4 h5 10. f4 gxf4 11. gxf4 Ng4 12. Kh1 b5 1/2-1/2

[Event "International chess holiday K11"]
[Site "?"]
[Date "2018.07.17"]
[Round "4"]
[White "Privoznik, Lubos"]
[Black "Pelikan, Jaromir"]
[Result "0-1"]
[ECO "B12"]
[WhiteElo "1626"]
[BlackElo "1787"]
[Annotator "Koller,Martin"]
[PlyCount "68"]
[TimeControl "240+2"]

{279MB} 1. e4 c6 2. d4 d5 3. e5 c5 4. c3 Nc6 5. Nf3 Bg4 6. Be2 e6 7. Be3 cxd4
8. cxd4 Nge7 9. h3 Bxf3 10. Bxf3 Nf5 11. g4 Nxe3 12. fxe3 Bb4+ 13. Nd2 Qg5 14.
Ke2 O-O 15. h4 Qd8 16. a3 Be7 17. g5 Rc8 18. b4 b5 19. Nb3 a5 20. Nxa5 Nxa5 21.
bxa5 Qxa5 22. Qd2 Rc3 23. Rac1 Rfc8 24. e4 dxe4 25. Bxe4 Bxa3 26. Rxc3 Qxc3 27.
Qxc3 Rxc3 28. Bd3 b4 29. Kd2 g6 30. Rb1 Kg7 31. Rf1 Rc7 32. Be4 Bb2 33. Rb1
Bxd4 34. Rxb4 Bc3+ 0-1

[Event "International chess holiday K11"]
[Site "?"]
[Date "2018.07.17"]
[Round "4"]
[White "Repa, Vaclav"]
[Black "Pacovsky, Ota"]
[Result "1-0"]
[ECO "A40"]
[WhiteElo "1656"]
[BlackElo "1743"]
[Annotator "Koller,Martin"]
[PlyCount "69"]
[TimeControl "240+2"]

{279MB} 1. c4 e6 2. e4 b6 3. d4 Bb7 4. Bd3 Nc6 5. Ne2 Nb4 6. O-O Nxd3 7. Qxd3
Be7 8. Nbc3 d6 9. Qg3 Nf6 10. e5 Nh5 11. Qh3 g6 12. Bh6 Bg5 13. Bxg5 Qxg5 14.
f4 Qe7 15. g4 Ng7 16. Ng3 f5 17. gxf5 gxf5 18. exd6 cxd6 19. d5 O-O-O 20. Rae1
Qf6 21. dxe6 Rhg8 22. e7 Rde8 23. Nce4 Qd4+ 24. Rf2 Rxe7 25. Qxh7 Rge8 26. Nxf5
Rxe4 27. Nxd4 Rxd4 28. Rxe8+ Nxe8 29. Qf5+ Kd8 30. Qg5+ Kd7 31. Re2 Be4 32. b3
a6 33. Kf2 b5 34. cxb5 Rd5 35. Qg8 1-0

[Event "International chess holiday K11"]
[Site "?"]
[Date "2018.07.17"]
[Round "4"]
[White "Veselsky, Jan"]
[Black "Schimmer, Michael"]
[Result "1/2-1/2"]
[ECO "B54"]
[WhiteElo "1696"]
[BlackElo "1770"]
[Annotator "Koller,Martin"]
[PlyCount "91"]
[TimeControl "240+2"]

{279MB} 1. d4 Nf6 2. c4 e6 3. Nf3 c5 4. Nc3 cxd4 5. Nxd4 Nc6 6. e4 d6 7. Bg5
Be7 8. Nf3 h6 9. Bh4 O-O 10. Bd3 a6 11. O-O Qc7 12. Rc1 b6 13. Re1 Bb7 14. Bb1
Rfd8 15. a3 Rac8 16. Qc2 Ne5 17. Nxe5 dxe5 18. Bxf6 Bxf6 19. b3 Rd4 20. Red1
Bg5 21. Ne2 Bxe4 22. Qb2 Bxc1 23. Rxc1 Bxb1 24. Nxd4 exd4 25. Qxb1 e5 26. Qe4
Rd8 27. Rd1 Qc5 28. b4 Qe7 29. f4 f6 30. fxe5 fxe5 31. Qg6 Qf6 32. Qd3 Rf8 33.
c5 bxc5 34. bxc5 Qc6 35. Qc4+ Kh8 36. Re1 Re8 37. h3 Qb5 38. Qd5 d3 39. Kh2 d2
40. Qxd2 Qxc5 41. a4 a5 42. Qd3 Qb4 43. Re4 Qb7 44. Qe2 Qc7 45. Rc4 Qd6 46. Re4
1/2-1/2

[Event "International chess holiday M11"]
[Site "?"]
[Date "2018.07.17"]
[Round "5"]
[White "Hadzala, Daniel"]
[Black "Chudinovskikh, Alexander"]
[Result "1/2-1/2"]
[ECO "C00"]
[WhiteElo "2104"]
[BlackElo "2237"]
[Annotator "Koller,Martin"]
[PlyCount "46"]
[TimeControl "240+2"]

{279MB} 1. Nf3 d5 2. g3 Nf6 3. Bg2 e6 4. O-O Be7 5. d3 c5 6. Nbd2 Nc6 7. e4 b6
8. e5 Nd7 9. Re1 Qc7 10. Qe2 Bb7 11. Nf1 O-O-O 12. c3 h6 13. Bd2 g5 14. h3 Rdg8
15. b4 h5 16. g4 hxg4 17. hxg4 Nf8 18. bxc5 bxc5 19. Rab1 Ng6 20. d4 Nf4 21.
Bxf4 gxf4 22. N1h2 Nd8 23. Rb2 f5 1/2-1/2

[Event "International chess holiday M11"]
[Site "?"]
[Date "2018.07.17"]
[Round "5"]
[White "Chmel, Kristian"]
[Black "Zacek, Petr"]
[Result "1-0"]
[ECO "C00"]
[WhiteElo "2121"]
[BlackElo "1897"]
[Annotator "Koller,Martin"]
[PlyCount "41"]
[TimeControl "240+2"]

{279MB} 1. e4 e6 2. d3 d5 3. Qe2 Nf6 4. Nf3 Be7 5. g3 O-O 6. Bg2 c5 7. O-O Nc6
8. Re1 dxe4 9. dxe4 e5 10. c3 Qc7 11. Nbd2 b6 12. Nf1 Bb7 13. Nh4 Rfe8 14. Nf5
Bf8 15. Bg5 Nd7 16. Rad1 g6 17. Bh3 Bc8 18. N1e3 f6 19. Qc4+ Kh8 20. Rxd7 Qxd7
21. Bxf6+ 1-0

[Event "International chess holiday M11"]
[Site "?"]
[Date "2018.07.17"]
[Round "5"]
[White "Lys, Josef"]
[Black "Vojta, Jakub"]
[Result "1-0"]
[ECO "D20"]
[WhiteElo "2118"]
[BlackElo "2124"]
[Annotator "Koller,Martin"]
[PlyCount "43"]
[TimeControl "240+2"]

{279MB} 1. d4 d5 2. c4 dxc4 3. e3 e5 4. Bxc4 exd4 5. exd4 Nc6 6. Nf3 Bb4+ 7.
Nc3 Nf6 8. O-O O-O 9. Bg5 Be7 10. h3 h6 11. Bh4 Bf5 12. Re1 Nb4 13. Rc1 c6 14.
Qb3 b5 15. Bxf7+ Rxf7 16. Ne5 Nbd5 17. Nxc6 Qd6 18. Nxd5 Nxd5 19. Bxe7 Qd7 20.
Ne5 Qb7 21. Nxf7 Kxf7 22. Rc7 1-0

[Event "International chess holiday M11"]
[Site "?"]
[Date "2018.07.17"]
[Round "5"]
[White "Vesely, Jaromir"]
[Black "Mouritsen, Jan"]
[Result "1/2-1/2"]
[ECO "A89"]
[WhiteElo "2008"]
[BlackElo "1900"]
[Annotator "Koller,Martin"]
[PlyCount "120"]
[TimeControl "240+2"]

{279MB} 1. d4 g6 2. c4 f5 3. Nc3 Nf6 4. g3 Bg7 5. Bg2 d6 6. Nf3 O-O 7. O-O Nc6
8. b3 e5 9. dxe5 dxe5 10. Ba3 Re8 11. Qxd8 Rxd8 12. Rad1 e4 13. Rxd8+ Nxd8 14.
Ng5 Ne6 15. h4 Bf8 16. Bxf8 Nxf8 17. f3 exf3 18. Bxf3 c6 19. Rd1 Ne6 20. Rd6
Nxg5 21. hxg5 Ne8 22. Rd8 Kf7 23. c5 Ke7 24. Rd4 Be6 25. Rb4 Rb8 26. Bxc6 b6
27. Na4 Nc7 28. cxb6 axb6 29. Rxb6 Rxb6 30. Nxb6 Kd6 31. Bf3 Kc5 32. Na4+ Kb4
33. Kf2 Ka3 34. Nc5 Bf7 35. Bc6 Kxa2 36. b4 Ka3 37. b5 Nxb5 38. Bxb5 Kb4 39.
Nd7 Kxb5 40. Nf6 Kc5 41. Ke3 Kd6 42. Kf4 Ke7 43. Ke5 Kf8 44. Nxh7+ Kg7 45. Nf6
Kf8 46. Nd5 Kg7 47. Nf4 Bc4 48. e3 Bb3 49. Nd5 Kf7 50. Nf6 Bc4 51. Kf4 Ke6 52.
Ng8 Be2 53. Nf6 Bd1 54. Ne8 Be2 55. Nc7+ Kd6 56. Ne8+ Ke6 57. Nf6 Bd1 58. e4
fxe4 59. Nxe4 Bc2 60. Nd2 Bd1 1/2-1/2

[Event "International chess holiday M11"]
[Site "?"]
[Date "2018.07.17"]
[Round "5"]
[White "Yanjinlkham, Bayarsaikhan"]
[Black "Reichmann, Steffen"]
[Result "0-1"]
[ECO "A51"]
[WhiteElo "1984"]
[BlackElo "1965"]
[Annotator "Koller,Martin"]
[PlyCount "144"]
[TimeControl "240+2"]

{279MB} 1. d4 Nf6 2. c4 e5 3. e3 exd4 4. exd4 Bb4+ 5. Bd2 Qe7+ 6. Qe2 Bxd2+ 7.
Nxd2 Nc6 8. d5 Nb4 9. Kd1 a5 10. a3 Na6 11. Qxe7+ Kxe7 12. f3 Nc5 13. Nh3 d6
14. Nf2 Bf5 15. Be2 Rhe8 16. g4 Bg6 17. Re1 Kf8 18. f4 Nfe4 19. Nfxe4 Bxe4 20.
Nxe4 Rxe4 21. Rc1 Rae8 22. Rc3 Rxf4 23. Rf1 Rd4+ 24. Ke1 Nd3+ 25. Kd2 Nf4+ 26.
Bd3 Re2+ 27. Kd1 Rxh2 28. Rf3 Rxb2 29. Kc1 Rg2 30. Bf1 Rxg4 31. Rc2 Ng6 32.
Rcf2 Ne5 33. Rf5 f6 34. c5 Rxd5 35. cxd6 cxd6 36. Kc2 Rg3 37. a4 Ra3 38. R2f4
Rc5+ 39. Kd2 Ra2+ 40. Ke3 Ke7 41. Bb5 Rac2 42. Re4 Ke6 43. Rf1 d5 44. Ref4
R5c3+ 45. Kd4 Nc6+ 46. Bxc6 Rc4+ 47. Kd3 bxc6 48. Re1+ Kd6 49. Rxc4 Rxc4 50.
Rg1 g5 51. Rh1 Rh4 52. Rf1 Ke5 53. Rc1 Rc4 54. Rh1 Rxa4 55. Rxh7 Ra3+ 56. Ke2
c5 57. Rc7 c4 58. Rc6 f5 59. Rg6 g4 60. Rg8 d4 61. Rc8 Ra2+ 62. Kd1 c3 63. Re8+
Kf4 64. Rf8 Ke4 65. Kc1 d3 66. Re8+ Kf4 67. Kb1 Rb2+ 68. Ka1 Re2 69. Rc8 d2 70.
Rc4+ Re4 71. Rxc3 d1=Q+ 72. Kb2 Rb4+ 0-1

[Event "International chess holiday K11"]
[Site "?"]
[Date "2018.07.17"]
[Round "5"]
[White "Pacovsky, Ota"]
[Black "Veselsky, Jan"]
[Result "1-0"]
[ECO "C67"]
[WhiteElo "1743"]
[BlackElo "1696"]
[Annotator "Koller,Martin"]
[PlyCount "77"]
[TimeControl "240+2"]

{279MB} 1. e4 Nc6 2. Nf3 e5 3. Bb5 Nf6 4. O-O Nxe4 5. d4 exd4 6. Nxd4 Nd6 7.
Bxc6 dxc6 8. Re1+ Be7 9. Qe2 c5 10. Nb3 c4 11. Nd4 c5 12. Nf3 Be6 13. Nc3 O-O
14. Bf4 Nf5 15. Rad1 Qb6 16. Nd5 Qxb2 17. Nc7 Rad8 18. Nxe6 fxe6 19. Qxe6+ Kh8
20. Rxd8 Bxd8 21. Ne5 Nh6 22. Bxh6 gxh6 23. Nf7+ Kg7 24. Nxd8 Qxc2 25. Qd7+ Kg8
26. Qd5+ Kh8 27. Qe5+ Kg8 28. Qg3+ Qg6 29. Nxb7 Rc8 30. Nd6 Rf8 31. Nxc4 Kh8
32. Qc3+ Kg8 33. Ne5 Qf6 34. Qxc5 Re8 35. Qc4+ Kg7 36. Qg4+ Qg5 37. Qd4 Kg8 38.
Re3 Qf5 39. Rg3+ 1-0

[Event "International chess holiday K11"]
[Site "?"]
[Date "2018.07.17"]
[Round "5"]
[White "Pelikan, Jaromir"]
[Black "Docekalova, Alexandra"]
[Result "1/2-1/2"]
[ECO "A87"]
[WhiteElo "1743"]
[BlackElo "1893"]
[Annotator "Koller,Martin"]
[PlyCount "88"]
[TimeControl "240+2"]

{279MB} 1. d4 f5 2. g3 Nf6 3. Bg2 g6 4. Nf3 Bg7 5. O-O O-O 6. c4 Ne4 7. Qc2 c6
8. Nc3 Nf6 9. Rb1 Ng4 10. h3 Nf6 11. Rd1 d5 12. Qb3 e6 13. Bg5 h6 14. Be3 Nbd7
15. Ne5 Nxe5 16. dxe5 Nh5 17. Bc5 Re8 18. cxd5 Bxe5 19. dxc6 Qa5 20. cxb7 Bxb7
21. Qxb7 Qxc5 22. Qb5 Rac8 23. Qxc5 Rxc5 24. Rd7 a5 25. e3 Rb8 26. Rbd1 Rxb2
27. Na4 Rcc2 28. Nxb2 Rxb2 29. Rd8+ Kh7 30. R1d7+ Ng7 31. a4 Ra2 32. Bc6 g5 33.
Kg2 h5 34. Ra8 Bc3 35. Rc7 Be5 36. Rcc8 Kg6 37. Bb5 h4 38. Kf3 hxg3 39. fxg3
Ra3 40. Rxa5 g4+ 41. hxg4 fxg4+ 42. Kxg4 Rxe3 43. Bd3+ Nf5 44. Rxe5 Rxe5
1/2-1/2

[Event "International chess holiday K11"]
[Site "?"]
[Date "2018.07.17"]
[Round "5"]
[White "Pokorny, Jan"]
[Black "Repa, Vaclav"]
[Result "0-1"]
[ECO "A34"]
[WhiteElo "1879"]
[BlackElo "1656"]
[Annotator "Koller,Martin"]
[PlyCount "95"]
[TimeControl "240+2"]

{279MB} 1. c4 c5 2. Nc3 g6 3. b3 Bg7 4. Bb2 e6 5. e3 Nc6 6. Nf3 Nge7 7. Be2 O-O
8. O-O d5 9. cxd5 exd5 10. d4 cxd4 11. Nxd4 Nxd4 12. exd4 Nf5 13. Bf3 Be6 14.
Na4 b6 15. Qd3 Qd7 16. Rfd1 Nh4 17. Be2 Bg4 18. f3 Be6 19. Rac1 Rfc8 20. Qb5
Nf5 21. Qb4 Bh6 22. Rc3 Be3+ 23. Kh1 Bf4 24. Ba6 Rc7 25. g3 Bd6 26. Rxc7 Qxc7
27. Qc3 h5 28. Qxc7 Bxc7 29. Nc3 Rd8 30. Nb5 Bb8 31. Rc1 h4 32. g4 Ne3 33. Ba3
h3 34. Be7 Re8 35. Bf6 Ng2 36. Nc7 Bxc7 37. Rxc7 Bxg4 38. Kg1 Bxf3 39. Kf2 Bg4
40. Rxa7 Be6 41. Kg3 Ne3 42. Rb7 Ng4 43. Bg5 f6 44. Bf4 g5 45. Bc7 Bc8 46. Kxh3
Ne3+ 47. Kg3 Bxb7 48. Bxb7 0-1

[Event "International chess holiday K11"]
[Site "?"]
[Date "2018.07.17"]
[Round "5"]
[White "Koper, Stefan"]
[Black "Basson, Heinrich"]
[Result "1-0"]
[ECO "D13"]
[WhiteElo "1830"]
[BlackElo "1891"]
[Annotator "Koller,Martin"]
[PlyCount "113"]
[TimeControl "240+2"]

{279MB} 1. d4 d5 2. c4 c6 3. cxd5 cxd5 4. Nc3 Nc6 5. Nf3 Nf6 6. Bf4 a6 7. e3 e6
8. Bd3 Bd6 9. Bg5 Be7 10. a3 Qd6 11. Bf4 Qd8 12. Ne5 Bd6 13. Bg3 Qc7 14. f4 Na5
15. Rc1 Nc4 16. Bxc4 dxc4 17. O-O b5 18. e4 Bb7 19. Qe2 O-O 20. Rcd1 Rac8 21.
Kh1 Rfe8 22. Nxf7 Qxf7 23. e5 Be7 24. exf6 Bxf6 25. Ne4 Bxe4 26. Qxe4 Qd7 27.
h3 Rcd8 28. Bf2 Qd5 29. Rfe1 a5 30. Qc2 Rc8 31. Qc3 Ra8 32. Re2 Ra6 33. Rc1 Rd8
34. a4 Bxd4 35. Bxd4 Qxd4 36. axb5 Qxc3 37. Rxc3 Rb6 38. Rxc4 Rxb5 39. Rxe6 Rd7
40. Ra6 Rxb2 41. Rxa5 h6 42. f5 Kf7 43. Rc6 Rbd2 44. Kh2 Rf2 45. Kg3 Rdd2 46.
Ra7+ Kg8 47. Rg6 Rxg2+ 48. Kh4 Rxg6 49. fxg6 Kf8 50. Rf7+ Kg8 51. Rf5 Rg2 52.
Kh5 Rh2 53. h4 Rg2 54. Rb5 Kf8 55. Rb8+ Ke7 56. Rg8 Kf6 57. Rf8+ 1-0

[Event "International chess holiday K11"]
[Site "?"]
[Date "2018.07.17"]
[Round "5"]
[White "Schimmer, Michael"]
[Black "Privoznik, 1626."]
[Result "1/2-1/2"]
[ECO "C11"]
[WhiteElo "1770"]
[BlackElo "1626"]
[Annotator "Koller,Martin"]
[PlyCount "127"]
[TimeControl "240+2"]

{279MB} 1. e4 e6 2. d4 d5 3. Nc3 Nf6 4. e5 Nfd7 5. f4 c5 6. Nf3 Nc6 7. Be3 Be7
8. Qd2 a6 9. a4 Qb6 10. Nd1 cxd4 11. Nxd4 Nxd4 12. Bxd4 Qc7 13. Bd3 b6 14. O-O
Bc5 15. c3 a5 16. Rf3 Ba6 17. Bc2 h6 18. Ne3 g5 19. g3 gxf4 20. gxf4 Ke7 21.
Kh1 Rag8 22. Qf2 Rg7 23. f5 Kd8 24. Qh4+ Kc8 25. Qf4 h5 26. Rg1 Rxg1+ 27. Kxg1
Be2 28. Rg3 Re8 29. fxe6 Rxe6 30. Qxf7 Re7 31. Qg8+ Kb7 32. Qxd5+ Ka6 33. Rg8
b5 34. axb5+ Bxb5 35. Qa8+ Qa7 36. Rg6+ Bb6 37. Qc8+ Qb7 38. Qxb7+ Kxb7 39.
Be4+ Ka7 40. Bxb6+ Nxb6 41. Rxb6 Rxe5 42. Rb7+ Ka6 43. Rxb5 Kxb5 44. Bd3+ Ka4
45. Kf2 Kb3 46. Bc2+ Kxb2 47. Nc4+ Kxc2 48. Nxe5 Kxc3 49. Ke3 a4 50. Nd3 a3 51.
Nc1 Kb2 52. Kd2 Kb1 53. h3 h4 54. Kd1 Kb2 55. Nd3+ Kc3 56. Ne1 Kb2 57. Kd2 Kb3
58. Kc1 a2 59. Nc2 Kc3 60. Na1 Kd3 61. Kb2 Ke3 62. Nc2+ Kf3 63. Nd4+ Kg3 64.
Nf5+ 1/2-1/2

[Event "International chess holiday M11"]
[Site "?"]
[Date "2018.07.18"]
[Round "6"]
[White "Vojta, Jakub"]
[Black "Hadzala, Daniel"]
[Result "1-0"]
[ECO "B07"]
[WhiteElo "2124"]
[BlackElo "2104"]
[Annotator "Koller,Martin"]
[PlyCount "51"]
[TimeControl "240+2"]

{279MB} 1. e4 d6 2. d4 Nf6 3. Nc3 c6 4. f4 Qa5 5. Bd2 e5 6. Nf3 Bg4 7. Nd5 Qd8
8. Nxf6+ Qxf6 9. fxe5 dxe5 10. dxe5 Qg6 11. Bd3 Bc5 12. h3 Qh5 13. Rf1 Bxf3 14.
Qxf3 Qg6 15. Bc3 Nd7 16. Bc4 O-O 17. O-O-O Qg5+ 18. Kb1 Nxe5 19. Bxe5 Qxe5 20.
Rd7 b5 21. Bxf7+ Kh8 22. Qd3 Be7 23. Rf5 Qh2 24. Rxe7 Rad8 25. Qf1 Qxg2 26. a3
1-0

[Event "International chess holiday M11"]
[Site "?"]
[Date "2018.07.18"]
[Round "6"]
[White "Zacek, Petr"]
[Black "Reichmann, Steffen"]
[Result "0-1"]
[ECO "A87"]
[WhiteElo "1965"]
[BlackElo "1897"]
[Annotator "Koller,Martin"]
[PlyCount "80"]
[TimeControl "240+2"]

{279MB} 1. d4 d6 2. Nf3 f5 3. g3 g6 4. Bg2 Nf6 5. O-O Bg7 6. c4 O-O 7. Nc3 Qe8
8. e3 e5 9. dxe5 dxe5 10. b3 Qe7 11. Bb2 Nc6 12. Nb5 a5 13. Qe2 Ne4 14. Rad1
Be6 15. Ne1 Nc5 16. Ba3 Nb4 17. Nd3 Ncxd3 18. Rxd3 c6 19. Bxb4 axb4 20. Nd6 e4
21. Rdd1 Rfd8 22. c5 b6 23. f3 bxc5 24. Nc4 Bd5 25. Nb6 exf3 26. Nxd5 fxe2 27.
Nxe7+ Kf7 28. Rxd8 exf1=Q+ 29. Kxf1 Rxd8 30. Nxc6 Rd2 31. h3 Bc3 32. Nb8 Ke6
33. Bf3 Rxa2 34. Be2 Be5 35. Bc4+ Kd6 36. g4 Rh2 37. gxf5 Rxh3 38. fxg6 hxg6
39. Kf2 g5 40. Bd3 g4 0-1

[Event "International chess holiday M11"]
[Site "?"]
[Date "2018.07.18"]
[Round "6"]
[White "Mouritsen, Jan"]
[Black "Yanjinlkham, Bayarsaikhan"]
[Result "0-1"]
[ECO "C01"]
[WhiteElo "1900"]
[BlackElo "1984"]
[Annotator "Koller,Martin"]
[PlyCount "84"]
[TimeControl "240+2"]

{279MB} 1. e4 e6 2. d4 d5 3. Nc3 Bb4 4. exd5 exd5 5. Bd3 Nc6 6. a3 Be7 7. Nf3
Bg4 8. Be3 Bf6 9. Be2 h6 10. Qd2 Nge7 11. h3 Be6 12. O-O-O a6 13. Kb1 b5 14. g4
Qb8 15. g5 hxg5 16. Bxg5 b4 17. axb4 Qxb4 18. Na2 Qb6 19. Bxf6 gxf6 20. Qf4 Rb8
21. b3 Nf5 22. Qd2 Nd6 23. Qc3 Ne4 24. Qe3 Na5 25. Nd2 Nxd2+ 26. Rxd2 Ke7 27.
f4 Nc4 28. Bxc4 dxc4 29. Nc1 Kd7 30. Qc3 cxb3 31. cxb3 Bxb3 32. Rb2 Qe6 33.
Rxb3 Qe4+ 34. Qc2 Rxb3+ 35. Nxb3 Qxh1+ 36. Kb2 Qxh3 37. Nc5+ Kc8 38. Qa4 Qg2+
39. Kc3 Rh3+ 40. Nd3 Qe4 41. Qxa6+ Kd7 42. Qb5+ Qc6+ 0-1

[Event "International chess holiday M11"]
[Site "?"]
[Date "2018.07.18"]
[Round "6"]
[White "Chmel, Kristian"]
[Black "Lys, Josef"]
[Result "0-1"]
[ECO "B12"]
[WhiteElo "2121"]
[BlackElo "2118"]
[Annotator "Koller,Martin"]
[PlyCount "94"]
[TimeControl "240+2"]

{279MB} 1. e4 c6 2. d4 d5 3. e5 Bf5 4. Nc3 e6 5. g4 Bg6 6. Nge2 Be7 7. Ng3 Bh4
8. f4 h5 9. g5 Qb6 10. Na4 Qa5+ 11. c3 Nd7 12. b4 Qc7 13. Bd3 Bxd3 14. Qxd3 g6
15. Kf1 Bxg3 16. hxg3 Ne7 17. Ba3 Nb6 18. Nc5 Nc4 19. Bc1 b6 20. Ne4 dxe4 21.
Qxc4 Nf5 22. Kg2 Qd7 23. g4 Ne7 24. Qe2 Nd5 25. c4 Nxb4 26. Qxe4 Rd8 27. Be3
Ke7 28. gxh5 gxh5 29. Raf1 b5 30. f5 bxc4 31. f6+ Kf8 32. Rf3 Qd5 33. Qf4 Nc2
34. g6 fxg6 35. Rd1 g5 36. Qxg5 Rg8 37. Qxg8+ Kxg8 38. f7+ Kh7 39. Kf2 Nxe3 40.
Kxe3 Rf8 41. Rh1 c5 42. Rxh5+ Kg6 43. Rh4 cxd4+ 44. Rxd4 Qxe5+ 45. Re4 Qc3+ 46.
Ke2 Qc2+ 47. Ke3 Qd3+ 0-1